Map: Void Launch

Players

Hunter

  • Race: Zerg Zerg
  • League: Diamond
  • Spawn Location: 6:00

AtroCity

  • Race: Terran Terran
  • Spawn Location: 6:00

VOD

Have the link to the VOD?

Description

Time

  • Played on: May 18, 2018, 2:12 a.m.
  • Length: 24:31
Show
View Real Time Build Order
Export as new Build Order

Hunter Zerg 

Build Orders:  

Get SALT Encoding   

  12  0:03  Drone  
  13  0:12  Drone  
  14  0:28  Overlord  
  14  0:55  Drone x5  
  19  1:04  Drone  
  20  1:20  Roach Warren  
  19  1:54  Spine Crawler  
  18  2:00  Spine Crawler  
  17  2:11  Drone x5  
  17  2:12  Extractor  
  17  2:13  Extractor  
  20  2:24  Drone x2  
  20  2:26  Overlord  
  22  2:56  Drone  
  23  3:00  Evolution Chamber  
  22  3:23  Hatchery  
  22  3:29  Roach  
  23  3:40  Lair  
  23  3:44  Drone  
  24  3:56  Drone x2  
  26  4:08  Drone x3  
  29  4:27  Drone x2  
  29  4:29  Infestation Pit  
  30  4:54  Drone  
  30  4:55  Drone  
  30  4:58  Hive  
  30  4:59  Extractor  
  31  5:00  Extractor  
  30  5:13  Roach, Drone x3  
  33  5:30  Roach  
  33  5:32  Overlord  
  33  5:35  Brutalisk  
  35  5:46  Spire  
  35  5:49  Roach  
  36  6:01  Drone x2  
  36  6:02  Overlord  
  38  6:34  Sundering Glave  
  38  6:35  Drone x4  
  42  6:55  Drone x4  
  46  7:05  Drone x2  
  46  7:06  Drone  
  46  7:07  Queen  
  49  7:28  Drone  
  52  7:30  Overlord  
  52  7:55  Roach  
  52  7:58  Roach  
  52  8:17  Brutalisk  
  52  8:18  Queen  
  52  8:20  Brutalisk  
  52  8:33  Mutalisk, Vicious Glave  
  52  8:34  Mutalisk x2  
  60  8:40  Overlord x2  
  60  8:41  Overlord x2  
  60  8:45  Queen  
  60  8:48  Queen  
  60  8:54  Overlord x2  
  60  9:08  Drone x2  
  66  9:38  Bio-Mechanical Transfusion  
  66  9:42  Rapid Regeneration  
  66  9:55  Drone x2  
  66  9:58  Overseer x2  
  68  10:13  Mutalisk  
  68  10:16  Mutalisk  
  68  10:20  Zerg Missile Weapons Level 1  
  68  10:35  Viper x3  
  68  10:36  Viper  
  68  10:41  Leviathan  
  68  10:44  Leviathan  
  80  11:12  Mutalisk  
  80  11:28  Overlord x9  
  80  11:29  Overlord x8  
  80  11:40  Leviathan  
  78  11:55  Zerg Flyer Weapons Level 1  
  78  12:01  Drone x7  
  78  12:08  Mutalisk x2  
  89  12:20  Mutalisk  
  89  12:21  Mutalisk  
  89  12:23  Zerg Missile Weapons Level 2  
  93  12:59  Mutalisk x5  
  103  13:16  Pneumatized Carapace  
  101  13:22  Mutalisk  
  103  13:42  Mutalisk x2  
  107  13:57  Mutalisk  
  107  14:35  Mutalisk  
  107  14:36  Mutalisk x2  
  113  14:45  Overseer  
  113  15:05  Mutalisk x2  
  117  15:17  Virulent Microbes  
  117  15:28  Zerg Flyer Weapons Level 2  
  117  16:03  Mutalisk x2  
  119  16:32  Mutalisk x2  
  119  17:08  Mutalisk x3  
  123  17:27  Drone  
  123  17:28  Drone x8  
  123  17:29  Drone x8  
  140  17:30  Drone  
  141  17:44  Mutalisk x2  
  143  18:05  Zerg Flyer Weapons Level 3  
  141  18:25  Mutalisk  
  143  18:34  Mutalisk  
  143  19:04  Mutalisk x2  
  147  19:33  Hatchery  
  147  19:34  Hatchery  
  145  19:41  Zerg Missile Weapons Level 3  
  145  19:43  Mutalisk  
  145  19:45  Drone x7  
  145  19:46  Drone x10  
  164  19:58  Mutalisk  
  166  20:06  Hatchery  
  166  20:08  Hatchery x2  
  166  20:09  Paralytic Barbs  
  163  20:23  Drone x7  
  163  20:28  Spine Crawler x2  
  168  20:47  Spore Crawler x2  
  168  20:48  Spore Crawler  
  168  20:49  Spore Crawler  
  164  20:51  Spore Crawler  
  164  20:53  Spore Crawler  
  160  21:06  Drone x6  
  160  21:07  Drone x10  
  160  21:08  Drone x7  
  183  21:29  Spore Crawler  
  182  21:35  Spore Crawler  
  182  21:38  Spore Crawler x2  
  182  21:39  Spore Crawler  
  178  21:40  Spore Crawler  
  178  21:43  Spore Crawler  
  178  21:44  Spore Crawler x3  
  178  21:46  Spore Crawler  
  178  21:47  Spore Crawler x3  
  178  21:49  Spore Crawler  
  168  21:51  Spore Crawler  
  168  21:52  Spore Crawler  
  168  21:54  Spore Crawler  
  165  22:01  Spore Crawler  
  165  22:02  Spore Crawler  
  165  22:04  Spore Crawler  
  165  22:05  Spore Crawler  
  165  22:06  Spore Crawler  
  165  22:08  Spore Crawler x2  
  151  22:13  Mutalisk x9  
  169  22:26  Mutalisk  
  171  22:40  Spore Crawler x2  
  171  22:41  Spore Crawler  
  171  22:42  Spore Crawler  
  167  23:12  Spore Crawler  
  167  23:14  Spore Crawler  
  167  23:17  Spore Crawler  
  167  23:19  Spore Crawler  
  161  23:20  Spore Crawler  
  161  23:21  Spore Crawler x2  
  161  23:22  Spore Crawler  
  161  23:24  Spore Crawler  
  154  23:40  Spore Crawler x2  
  154  23:42  Spore Crawler  
Show
View Real Time Build Order
Export as new Build Order

AtroCity Terran 

Build Orders:  

Get SALT Encoding   

  12  0:03  SCV  
  13  0:20  SCV  
  14  0:37  SCV  
  15  0:41  Supply Depot  
  15  0:54  SCV  
  16  1:11  SCV  
  17  1:28  SCV  
  18  1:32  Command Center  
  18  1:45  SCV  
  19  1:52  Barracks  
  19  2:02  SCV  
  20  2:19  SCV  
  21  2:36  Orbital Command  
  21  2:53  Command Center  
  21  3:11  SCV  
  22  3:21  Orbital Command  
  22  3:28  SCV  
  23  3:45  SCV  
  24  3:54  Command Center  
  24  3:58  SCV  
  25  4:05  Refinery  
  25  4:06  Orbital Command  
  25  4:07  SCV  
  25  4:09  Refinery  
  26  4:26  SCV  
  27  4:36  Refinery  
  27  4:40  Orbital Command  
  27  4:42  Refinery  
  27  4:44  SCV  
  27  4:46  SCV  
  29  5:01  SCV  
  29  5:02  Command Center  
  29  5:05  SCV  
  31  5:16  SCV  
  31  5:18  SCV  
  33  5:22  SCV  
  34  5:33  SCV  
  34  5:35  SCV  
  34  5:37  Orbital Command  
  36  5:44  Command Center  
  36  5:46  SCV  
  37  5:59  SCV  
  38  6:01  SCV  
  39  6:34  Command Center  
  39  6:36  SCV  
  39  6:37  Command Center, Barracks Tech Lab  
  40  6:41  SCV x2  
  40  6:42  SCV  
  43  6:50  Orbital Command  
  43  6:53  SCV  
  44  7:02  SCV  
  44  7:03  SCV  
  44  7:04  SCV  
  47  7:10  SCV  
  47  7:17  Command Center  
  47  7:19  SCV  
  49  7:20  SCV  
  50  7:30  Engineering Bay  
  50  7:34  Orbital Command  
  50  7:41  SCV  
  50  7:42  SCV  
  50  7:44  Engineering Bay  
  52  8:01  Command Center  
  52  8:06  Command Center  
  52  8:12  SCV  
  52  8:13  SCV  
  54  8:21  Orbital Command  
  54  8:31  Command Center  
  54  8:44  Barracks  
  54  8:45  Orbital Command, Barracks  
  54  8:50  Barracks  
  54  9:08  Terran Infantry Weapons Level 1, Terran Infantry Armor Level 1  
  54  9:22  SCV  
  54  9:23  Orbital Command  
  54  9:27  Factory  
  54  9:28  SCV  
  54  9:29  SCV x2  
  58  9:35  Orbital Command  
  58  9:42  Command Center  
  58  9:52  SCV  
  58  9:59  Orbital Command x2  
  59  10:15  Orbital Command  
  59  10:33  Command Center  
  59  10:34  Command Center  
  59  10:40  Command Center  
  59  10:58  Command Center  
  59  11:01  Orbital Command  
  59  11:05  Command Center  
  59  11:06  Barracks Tech Lab  
  59  11:07  Barracks Reactor x2  
  59  11:20  Armory  
  59  11:26  Orbital Command  
  59  12:08  Command Center  
  59  12:16  Command Center  
  59  12:31  Barracks  
  59  12:32  Barracks  
  59  12:38  Barracks  
  59  12:49  Command Center  
  59  12:50  Command Center  
  59  12:51  Terran Infantry Weapons Level 2, Terran Infantry Armor Level 2  
  59  12:52  Command Center x2  
  59  12:55  Orbital Command x4  
  59  12:56  Orbital Command  
  59  13:09  Barracks  
  59  13:11  Barracks Tech Lab  
  59  13:12  Barracks Reactor x2  
  59  13:53  Command Center  
  59  13:57  Command Center  
  59  14:00  Command Center  
  59  14:04  Command Center  
  59  14:13  Orbital Command  
  59  14:14  Orbital Command  
  59  14:39  Medic  
  59  14:40  Firebat, Marauder, Marine x2  
  59  14:41  Marine x6  
  59  14:49  Marine  
  73  14:50  Marine  
  73  14:51  Marine x7  
  73  14:52  Marine x2  
  91  15:00  Marine x2  
  84  15:01  Marine x6  
  92  15:37  Medic, Firebat, Marine  
  92  15:38  Marine x2  
  96  15:47  Orbital Command  
  96  15:48  Orbital Command x2  
  99  15:51  Command Center  
  99  16:00  Command Center  
  99  16:03  Command Center  
  99  16:15  Command Center  
  99  16:18  Medic, Firebat, Marine  
  99  16:19  Marine x4  
  99  16:20  Command Center, Marine x4  
  99  16:28  Marine x2, Command Center  
  99  16:29  Marine  
  114  16:45  Orbital Command  
  112  17:26  SCV x3  
  112  17:27  SCV x2  
  117  17:35  SCV  
  117  17:37  Command Center, SCV  
  117  17:38  SCV x2  
  121  17:41  Bunker  
  121  17:43  Bunker  
  121  17:45  SCV  
  121  17:47  Bunker x3  
  121  17:48  Command Center  
  121  18:04  Medic  
  121  18:05  Marine x2, Marauder, Firebat  
  121  18:06  Marine x2  
  121  18:07  Marine x2  
  121  18:08  Marine x2  
  128  18:14  Marine  
  128  18:15  Marine x2  
  128  18:16  Marine  
  128  18:17  Bunker  
  136  18:20  Missile Turret  
  136  18:24  Bunker  
  136  18:27  Missile Turret  
  132  18:30  Bunker  
  132  18:32  SCV x4  
  132  18:33  SCV x3  
  132  18:34  SCV x3  
  132  18:36  Orbital Command x2  
  132  18:37  Orbital Command x4  
  140  18:40  Medic, Marine  
  140  18:41  Marine x3  
  140  18:42  Marine x2  
  140  18:43  Marine  
  140  18:44  Marine  
  140  18:46  Marine  
  150  18:54  Missile Turret  
  150  19:01  Missile Turret  
  150  19:06  Bunker  
  150  19:13  Missile Turret  
  150  19:14  SCV, Missile Turret  
  150  19:15  Bunker x2  
  150  19:17  Bunker  
  150  19:18  Medic, Marine  
  150  19:19  Marine x2  
  151  19:20  Marine x3  
  151  19:22  Marine x2  
  151  19:23  Marine x2  
  151  19:28  Marine x2  
  151  19:29  Marine  
  162  19:34  Orbital Command  
  162  19:35  Orbital Command  
  165  19:42  Bunker  
  165  19:43  Orbital Command x4  
  165  19:44  Orbital Command x2  
  165  19:47  Bunker x2  
  165  19:55  Bunker  
  165  19:57  SCV x3  
  165  19:58  SCV  
  169  20:11  Refinery  
  169  20:12  Refinery  
  169  20:13  SCV  
  169  20:14  SCV x4  
  169  20:15  SCV x2  
  169  20:16  SCV x3  
  169  20:17  SCV  
  180  20:34  Command Center  
  180  20:56  Command Center  
  180  21:19  SCV  
  181  21:23  Refinery  
  181  21:27  Refinery, SCV x2  
  181  21:28  SCV x3  
  169  22:21  Orbital Command  
  165  22:57  Orbital Command  
  165  23:11  Command Center  
  165  23:27  Command Center  
Tags
 
Commander
AbathurRaynor
League
Diamond
Matchup
Co-op
Add a new tag
Caveats
  • Supply blocks, unpowered buildings, or Contaminate may cause inaccurate times.
  • Supply counts are checked every 10 seconds.